 Dungeon Crawl Stone Soup version 0.31-a0-590-g8a5a4361df (webtiles) character file.

Game seed: 7134861351934179757

92 randomguy2701 the Chopper (level 4, -1/36 (40) HPs)
             Began as a Hill Orc Fighter on Aug 20, 2023.
             Slain by a gnoll
             ... wielding a +0 whip
              (4 damage)
             ... on level 3 of the Dungeon.
             The game lasted 00:01:16 (1763 turns).

randomguy2701 the Chopper (Hill Orc Fighter)        Turns: 1763, Time: 00:01:17

HP:   -1/36 (40)    AC:  7    Str: 18    XL:     4   Next: 60%
MP:   4/4           EV:  9    Int:  8    God:
Gold: 107           SH:  4    Dex: 12    Spells: 3/3 levels left

rFire   . . .        a - +0 war axe
rCold   . . .        c - +0 buckler
rNeg    . . .        b - +0 scale mail
rPois   .            (no helmet)
rElec   .            (no cloak)
rCorr   .            (no gloves)
SInv    .            (no boots)
Will    .....        (no amulet) Stlth
                     (no ring)
HPRegen 0.26/turn    (no ring)
MPRegen 0.09/turn

%: no passive effects
@: heavily drained
A: no striking features
a: no special abilities


You were on level 3 of the Dungeon.
You visited 1 branch of the dungeon, and saw 3 of its levels.

You collected 107 gold pieces.

Inventory:

Hand Weapons
 a - a +0 war axe (weapon)
Armour
 b - a +0 scale mail (worn)
 c - a +0 buckler (worn)
Jewellery
 e - an amulet of faith
 f - a ring of see invisible
Scrolls
 g - a scroll of blinking {unknown}
 h - 3 scrolls of teleportation {unknown}
 i - a scroll of fog {unknown}
 k - a scroll of fear {unknown}
 m - 2 scrolls of identify {unknown}
 o - a scroll of silence {unknown}
 p - a scroll of enchant weapon {unknown}
Potions
 d - a potion of might
 j - 2 potions of berserk rage {unknown}
 l - 2 potions of brilliance {unknown}
 n - a potion of mutation {unknown}
 q - 2 potions of attraction {unknown}


   Skills:
 + Level 3.8 Fighting
 + Level 4.8 Axes
 + Level 4.1 Armour
 + Level 0.4 Dodging
 + Level 3.5 Shields


You had 3 spell levels left.
You didn't know any spells.
Your spell library was empty.

Dungeon Overview and Level Annotations

Branches:
Dungeon (3/15)

Altars:


Message History

You hit the gnoll.
The gnoll is severely wounded.
The gnoll hits you with a +0 flail.
You closely miss the gnoll.
The gnoll is severely wounded.
You closely miss the gnoll. The gnoll hits you with a +0 flail!
You block the gnoll's attack.
A gnoll comes into view. It is wielding a +0 whip.
You hit the gnoll.
The gnoll is almost dead.
You hit the gnoll but do no damage. The gnoll hits you with a +0 flail.
You are too injured to fight recklessly!
You are too injured to fight recklessly!
You are too injured to fight recklessly!
Unknown command.
You slash the gnoll!
You kill the gnoll!
You hit the gnoll. The gnoll closely misses you.
You closely miss the gnoll.
The gnoll is moderately wounded.
You hit the gnoll. The gnoll hits you with a +0 whip!
* * * LOW HITPOINT WARNING * * *
The gnoll hits you with a +0 whip.
* * * LOW HITPOINT WARNING * * *
You barely miss the gnoll.
The gnoll is moderately wounded.
You closely miss the gnoll. The gnoll hits you with a +0 whip.
* * * LOW HITPOINT WARNING * * *
The gnoll closely misses you. x2; The gnoll hits you with a +0 whip.
* * * LOW HITPOINT WARNING * * *
You hit the gnoll.
The gnoll is severely wounded.
You barely miss the gnoll. The gnoll hits you but does no damage.
The gnoll hits you with a +0 whip.
* * * LOW HITPOINT WARNING * * *
You closely miss the gnoll.
The gnoll is severely wounded.
You slash the gnoll! The gnoll hits you but does no damage.
The gnoll hits you with a +0 whip.
You die...

.............##.#.#
....................
#...........###.#.#. .
#........#..##.#.# ..
##......[.##.##. .#
...
#..........#.##.#.#
....
#.................#...
................gg.#
#...............@#
#................#
##...............#
##..............#
#####..........#
#..........#
#....).....#
#....))....##
#######.....##


You could see 2 gnolls.

Vanquished Creatures
  An orc wizard (D:3)
  An adder (D:2)
  A gnoll (D:3)
  2 worms (D:2)
  3 dart slugs
  3 orcs (D:3)
  4 ball pythons
  An endoplasm (D:2)
  A giant cockroach (D:2)
  2 goblins
  3 kobolds
  3 quokkas
  6 bats
  A frilled lizard (D:1)
  2 rats (D:2)
34 creatures vanquished.

Notes
Turn   | Place    | Note
-------+----------+-------------------------------------------
     0 | D:1      | randomguy2701 the Hill Orc Fighter began the quest for the
                  | Orb.
     0 | D:1      | Reached XP level 1. HP: 19/19 MP: 1/1
   243 | D:1      | Reached XP level 2. HP: 27/27 MP: 2/2
   890 | D:2      | Reached XP level 3. HP: 31/33 MP: 3/3
  1660 | D:3      | Reached XP level 4. HP: 15/35 MP: 4/4
  1763 | D:3      | Slain by a gnoll

Illustrated notes

Levels and vault maps discovered:
D:1:      dpeg_arrival_connections, layout_basic
D:2:      layout_loops_ring, kennysheep_generic_room_15
D:3:      layout_rooms

Skill      XL: |  1  2  3 |
---------------+----------+-----
Axes           | 3 4 |  4.8
Armour         | 4 |  4.1
Fighting       | |  3.8
Dodging        | |  0.4
Shields        | |  3.5

Action                     |  1- 3 |  4- 6 || total
---------------------------+-------+-------++-------
  Melee: War axe           |   102 |    11 ||   113
 Armour: Scale mail        |    39 |     3 ||    42
  Dodge: Dodged            |    51 |     4 ||    55
  Block: Buckler           |    20 |     1 ||    21

Table legend: (Time is in decaauts)
 A = Elapsed time spent in this place.
 B = Non-inter-level travel time spent in this place.
 C = Inter-level travel time spent in this place.
 D = Time resting spent in this place.
 E = Time spent auto-exploring this place.
 F = Levels seen in this place.
 G = Mean time per level.
                   A        B        C        D        E       F      G
               +--------+--------+--------+--------+--------+-----+--------+
         Total |   1803 |   1753 |     50 |      0 |   1467 |   3 |  601.0 |
       Dungeon |   1803 |   1753 |     50 |      0 |   1467 |   3 |  601.0 |
               +--------+--------+--------+--------+--------+-----+--------+

Top non-repeatable levels by time:
     D:2: 774 daAuts
     D:1: 759 daAuts
     D:3: 269 daAuts
